 Dungeon Crawl Stone Soup version 0.27.0-1-g7a089689b8 (webtiles) character file.

Game seed: 11293667341492855284

163 HungrySpirit the Vexing (level 5, -1/39 HPs)
             Began as a Human Arcane Marksman on July 31, 2021.
             Succumbed to a scorpion's poison
             ... on level 3 of the Dungeon.
             The game lasted 00:04:29 (4890 turns).

HungrySpirit the Vexing (Human Arcane Marksman)     Turns: 4890, Time: 00:04:30

Health: -1/39      AC: 12    Str: 11    XL:     5   Next: 73%
Magic:  6/6        EV:  2    Int: 13    God:
Gold:   171        SH:  3    Dex: 14    Spells: 5/6 levels left

rFire    + . .     SeeInvis .   l - +0 spear
rCold    + . .     Faith    .   s - +0 buckler
rNeg     . . .     Spirit   .   u - +0 plate armour
rPois    +         Reflect  .   (no helmet)
rElec    +         Harm     .   (no cloak)
rCorr    +         Rampage  .   (no gloves)
Will     +....                  v - +0 pair of boots
Stlth    ..........             (no amulet)
HPRegen  0.13/turn              b - ring of willpower
MPRegen  0.10/turn              (no ring)

@: lethally poisoned (-1 -> -13), resistant
A: no striking features
a: no special abilities


You were on level 3 of the Dungeon.
You visited 1 branch of the dungeon, and saw 4 of its levels.

You collected 171 gold pieces.

Inventory:

Hand Weapons
 a - a +0 shortbow
 c - a +0 halberd
 l - a +0 spear (weapon)
Missiles
 m - 10 arrows
Armour
 s - a +0 buckler (worn)
 u - a +0 plate armour (worn)
 v - a +0 pair of boots (worn)
Jewellery
 b - a ring of willpower (left hand)
 e - a ring of fire
Wands
 r - a wand of paralysis (7)
Scrolls
 d - a scroll of torment {unknown}
 g - a scroll of amnesia {unknown}
 i - 2 scrolls of immolation {unknown}
 j - a scroll of enchant weapon {unknown}
 n - 5 scrolls of identify {unknown}
 o - a scroll of summoning {unknown}
 q - 2 scrolls of vulnerability {unknown}
 t - a scroll of fog {unknown}
Potions
 f - 2 potions of curing {unknown}
 h - a potion of resistance
 k - 2 potions of lignification
 p - a potion of heal wounds {unknown}


   Skills:
 + Level 2.3 Fighting
 * Level 2.5 Polearms
 - Level 2.0 Bows
 + Level 2.3 Armour
 + Level 3.0 Dodging
 + Level 0.1 Shields
 - Level 1.0 Spellcasting
 - Level 3.0 Hexes


You had 5 spell levels left.
You knew the following spells:

 Your Spells              Type           Power      Damage    Failure   Level
a - Corona                Hex            8%         N/A       100%        1

Your spell library contained the following spells:

 Spells                   Type           Power      Damage    Failure   Level
 Blink                    Tloc           N/A        N/A       100%        2
 Slow                     Hex            8%         N/A       100%        2
 Confusing Touch          Hex            8%         N/A       100%        3
 Inner Flame              Hex/Fire       4%         N/A       100%        3
 Lesser Beckoning         Tloc           0%         N/A       100%        3
 Portal Projectile        Hex/Tloc       8%         N/A       100%        3
 Vampiric Draining        Necr           0%         2d6       100%        3
 Cause Fear               Hex            4%         N/A       100%        4
 Manifold Assault         Tloc           0%         N/A       100%        5


Dungeon Overview and Level Annotations

Branches:
Dungeon (4/15)
 Temple: D:4-7

Altars:
Cheibriados
Hepliaklqana


Message History

You hit the scorpion.
The scorpion is heavily wounded.
You feel sick. The scorpion stings you.
Your plate armour prevents you from hitting the scorpion.
The scorpion is heavily wounded.
You feel sick.
The scorpion stings you but does no damage.
You hit the scorpion but do no damage.
The scorpion is heavily wounded.
You feel sick.
The scorpion stings you but does no damage.
The scorpion barely misses you.
You hit the scorpion.
The scorpion is heavily wounded.
You feel sick. The scorpion stings you.
You are more poisoned.
The scorpion poisons you!
You hit the scorpion but do no damage.
The scorpion is heavily wounded.
You feel sick. The scorpion stings you.
You are lethally poisoned!
The scorpion poisons you!
You are too injured to fight recklessly!
You are too injured to fight recklessly!
You are too injured to fight recklessly!
You hit the scorpion but do no damage.
The scorpion is heavily wounded.
You feel very sick. The scorpion stings you.
* * * LOW HITPOINT WARNING * * *
The scorpion stings you but does no damage.
You barely miss the scorpion.
The scorpion is heavily wounded.
* * * LOW HITPOINT WARNING * * *
You feel very sick. The scorpion stings you.
* * * LOW HITPOINT WARNING * * *
It was a potion of resistance.
You feel protected.
You die...

.## #<# #.# #.###.# #.#
##....############ #.#
#.##.............# #.#
.####...#.######.# #.#
........##.......# #.#
###.###.#.#####..# #.####
# #.# #..#### #.s# #....#
###+###.....# #.@# ####.#
..'_'....##.# #).# #.#
#######..##.# #..# #.# #
### #..##.###..# #.#
#######.###(#....#######.#
........##....##.#.......#
#.##.............#.#######
#.##.#####....####.#
#.##.# ##.#.# #.#


You could see a scorpion.

Vanquished Creatures
  An iguana (D:3)
  5 adders
  3 gnolls (D:2)
  2 worms
  A dart slug (D:3)
  7 endoplasms
  4 goblins
  6 jackals
  2 kobolds
  A quokka (D:1)
  9 ball pythons
  6 bats
  5 frilled lizards
  4 rats
56 creatures vanquished.

Notes
Turn   | Place    | Note
-------+----------+-------------------------------------------
     0 | D:1      | HungrySpirit the Human Arcane Marksman began the quest for
                  | the Orb.
     0 | D:1      | Reached XP level 1. HP: 15/15 MP: 2/2
   124 | D:1      | Reached XP level 2. HP: 21/21 MP: 3/3
   192 | D:1      | Reached skill level 1 in Armour
  1374 | D:2      | Reached XP level 3. HP: 26/26 MP: 4/4
  1376 | D:2      | Reached skill level 1 in Polearms
  1391 | D:2      | Reached XP level 4. HP: 14/33 MP: 5/5
  2526 | D:2      | Found a faded altar of an unknown god.
  3358 | D:3      | Reached XP level 5. HP: 27/38 MP: 6/6
  3571 | D:3      | Found a snail-covered altar of Cheibriados.
  3677 | D:3      | Found a hazy altar of Hepliaklqana.
  4890 | D:3      | Succumbed to a scorpion's poison

Illustrated notes

Levels and vault maps discovered:
D:1:      tarquinn_simple_flora_water_b, layout_basic,
          minmay_misc_feat_nine_boxes, corexii_item_surrounded_by_moat
D:2:      layout_loops_corners, hellmonk_ecumenical_altar_pennies_from_heaven
D:3:      layout_loops_ring, lemuel_doored_altar,
          mainiacjoe_overflow_tiny_flanked
D:4:      layout_rooms, serial_shops, shop

Skill      XL: |  1  2  3  4  5 |
---------------+----------------+-----
Armour         | 1 2 |  2.3
Polearms       | 1 2 |  2.5
Fighting       | 2 |  2.3
Dodging        | 3 |  3.0
Bows           | |  2.0
Shields        | |  0.1
Spellcasting   | |  1.0
Hexes          | |  3.0

Action                   |  1- 3 |  4- 6 || total
-------------------------+-------+-------++-------
Melee: Spear             |     5 |   242 ||   247
 Fire: Shortbow          |    72 |    12 ||    84
  Use: Potion            |       |     3 ||     3
 Stab: Sleeping          |       |     5 ||     5
Armor: Robe              |    10 |    11 ||    21
       Skin              |       |    20 ||    20
       Plate armour      |       |    58 ||    58
Dodge: Dodged            |    31 |    92 ||   123
Block: Buckler           |       |     6 ||     6
